 Dungeon Crawl Stone Soup version 0.32-a0-132-g2d33c3cfaf (webtiles) character file.

Game seed: 2746194978043299055

32890 jasper the Nimble (level 13, -1/82 HPs)
             Began as a Deep Elf Alchemist on Feb 9, 2024.
             Was a High Priest of Vehumet.
             Slain by a four-headed hydra (4 damage)
             ... while petrified by a basilisk
             ... on level 4 of the Lair of Beasts on Feb 10, 2024.
             The game lasted 00:26:52 (17645 turns).

jasper the Nimble (Deep Elf Alchemist)             Turns: 17645, Time: 00:26:52

Health: -1/82      AC: 15    Str:  5    XL:     13   Next: 33%
Magic:  16/30      EV:  2    Int: 26    God:    Vehumet [*****.]
Gold:   1282       SH:  0    Dex: 15    Spells: 8/34 levels left

rFire   . . .        f - +2 long sword (freeze)
rCold   . . .        (no shield)
rNeg    + + +        w - +3 leather armour {Will+}
rPois   ∞            n - +1 helmet
rElec   .            B - +0 cloak
rCorr   .            E - +0 pair of gloves
SInv    .            M - +0 pair of boots
Will    ++...        (no amulet)
Stlth   ++           P - +5 ring of evasion
HPRegen 0.33/turn    Q - +4 ring of protection
MPRegen 0.22/turn

%: no passive effects
@: petrified
A: no striking features
a: Renounce Religion


You were on level 4 of the Lair of Beasts.
You worshipped Vehumet.
Vehumet was extremely pleased with you.
You visited 3 branches of the dungeon, and saw 16 of its levels.

You collected 1464 gold pieces.
You spent 182 gold pieces at shops.

Inventory:

Hand Weapons
 c - a +0 falchion
 e - a +3 whip of venom
 f - a +2 long sword of freezing (weapon)
 i - a +1 whip of pain
Missiles
 F - 3 curare-tipped darts
Armour
 a - a +0 robe
 n - a +1 helmet (worn)
 w - a +3 leather armour of willpower (worn)
 B - a +0 cloak (worn)
 E - a +0 pair of gloves (worn)
 G - a +0 leather armour
 K - +0 acid dragon scales
 M - a +0 pair of boots (worn)
Magical Staves
 h - a staff of fire
Jewellery
 d - a ring of resist corrosion
 j - a ring of wizardry
 l - a ring of flight
 v - a ring of wizardry
 z - a +4 ring of slaying
 P - a +5 ring of evasion (left hand)
 Q - a +4 ring of protection (right hand)
Wands
 b - a wand of charming (5)
 R - a wand of flame (14)
Scrolls
 p - 3 scrolls of fear
 q - 7 scrolls of teleportation
 r - 2 scrolls of fog
 u - a scroll of vulnerability
 y - 2 scrolls of silence
 A - 3 scrolls of poison
 C - 4 scrolls of identify
 I - a scroll of amnesia
 J - 2 scrolls of revelation
 N - a scroll of blinking
Potions
 g - 2 potions of attraction
 k - 4 potions of brilliance
 m - a potion of enlightenment
 o - 3 potions of heal wounds
 s - 4 potions of curing
 t - 6 potions of haste
 x - a potion of berserk rage
 D - 3 potions of cancellation
 H - 2 potions of mutation
 L - 2 potions of lignification
 O - a potion of might


   Skills:
 + Level 10.0 Fighting
 + Level 12.3 Dodging
 - Level 2.4 Stealth
 - Level 11.0 Spellcasting
 - Level 9.0 Conjurations
 - Level 2.5 Translocations
 - Level 2.0 Fire Magic
 - Level 2.0 Air Magic
 * Level 10.6 Earth Magic
 - Level 9.0 Alchemy


You had 8 spell levels left.
You knew the following spells:

 Your Spells              Type           Power      Damage    Failure   Level
a - Sting                 Conj/Alch      100%       1d9       1%          1
b - Mephitic Cloud        Conj/Alch/Air  49%        N/A       1%          3
c - Olgreb's Toxic Radia  Alch           57%        N/A       1%          4
d - Fulminant Prism       Conj/Alch      28%        3d14      1%          4
e - Sticky Flame          Fire/Alch      43%        2d8       1%          4
f - Blink                 Tloc           54%        N/A       3%          2
g - Stone Arrow           Conj/Erth      100%       3d13      1%          3
h - Lee's Rapid Deconstr  Erth           31%        3d16*     1%          5

Your spell library contained the following spells:

 Spells                   Type           Power      Damage    Failure   Level
 Brom's Barrelling Bould  Conj/Erth      60%        2d8       1%          4
 Magic Dart               Conj           100%       1d8       1%          1
 Mercury Vapours          Alch/Air       86%        N/A       1%          2
 Momentum Strike          Conj/Tloc      88%        3d10      1%          2
 Searing Ray              Conj           100%       2d8       1%          2
 Lesser Beckoning         Tloc           54%        N/A       3%          2
 Arcjolt                  Conj/Air       21%        1d31      5%          5
 Call Imp                 Summ           28%        N/A       11%         2
 Sublimation of Blood     Necr           14%        N/A       11%         2
 Manifold Assault         Tloc           27%        N/A       24%         4
 Vhi's Electric Charge    Tloc/Air       52%        N/A       26%         4
 Animate Dead             Necr           14%        N/A       56%         4
 Dispersal                Tloc           13%        N/A       98%         6
 Haunt                    Necr/Summ      7%         N/A       100%        7
 Summon Hydra             Summ           7%         N/A       100%        7
 Disjunction              Tloc           13%        N/A       100%        8
 Infestation              Necr           7%         N/A       100%        8
 Maxwell's Capacitive Co  Air            12%        ∞         100%        8


Dungeon Overview and Level Annotations

Branches:
Dungeon (11/15)            Temple (1/1) D:5            Lair (4/5) D:9
  Swamp (0/4) Lair:2        Snake (0/4) Lair:3          Orc (0/2) D:9
  Slime: Lair:4-5

Altars:
Ashenzari
Cheibriados
Dithmenos
Elyvilon
Fedhas
Gozag
Hepliaklqana
Kikubaaqudgha
Makhleb
Nemelex Xobeh
Okawaru
Qazlal
Ru
Sif Muna
Trog
Uskayaw
Vehumet
Wu Jian
Xom
Yredelemnul
Zin
The Shining One

Shops:
D:3 ?

Portals:
Trove: D:11 (give +7 demon whip)


Message History

The black mamba bites you. The black mamba barely misses you.
The black mamba bites you but does no damage.
The four-headed hydra bites you!
The four-headed hydra bites you but does no damage.
The four-headed hydra bites you. The four-headed hydra bites you!
The black mamba barely misses you. The black mamba bites you!
The black mamba bites you but does no damage. x2
The four-headed hydra bites you. x2
The four-headed hydra bites you but does no damage.
The four-headed hydra bites you!
The black mamba bites you but does no damage.
The black mamba barely misses you. The black mamba bites you!
The black mamba barely misses you.
The four-headed hydra bites you but does no damage. x2
The four-headed hydra bites you! x2
The black mamba bites you! x2
* * * LOW HITPOINT WARNING * * *
The black mamba bites you but does no damage.
The four-headed hydra bites you but does no damage. x3
The four-headed hydra bites you.
* * * LOW HITPOINT WARNING * * *
The black mamba bites you.
* * * LOW HITPOINT WARNING * * *
The black mamba bites you but does no damage. x2
The four-headed hydra bites you!
* * * LOW HITPOINT WARNING * * *
The four-headed hydra bites you!
* * * LOW HITPOINT WARNING * * *
The four-headed hydra barely misses you.
The four-headed hydra bites you but does no damage.
The black mamba bites you but does no damage.
The black mamba bites you.
* * * LOW HITPOINT WARNING * * *
The black mamba barely misses you.
The black mamba bites you but does no damage.
The four-headed hydra bites you.
* * * LOW HITPOINT WARNING * * *
The four-headed hydra bites you but does no damage. x2
The four-headed hydra bites you!
You die...

.......
.l..
.ß.....
.ß.# ...#.
...#
...#...#.#
#......#
#.#+###
##.l..#
#.SDS.#.#.#
#ß.@.ß....#
#...).#....
##.ß..# .##
##..... #
#####.# ..#
##


You could see a four-headed hydra, 2 black mambas and a basilisk.

Vanquished Creatures
  Gastronok (D:11)
  5 death yaks (Lair:1)
  A boulder beetle (Lair:1)
  2 two-headed ogres (D:10)
  A skyshark (Lair:4)
  Lodul (D:11)
  An orange crystal statue (D:8)
  3 black mambas (Lair:3)
  A gargoyle (D:11)
  An ice statue (D:8)
  5 cane toads
  2 kobold demonologists (D:11)
  A komodo dragon (Lair:1)
  An unseen horror (D:10)
  2 trolls
  A polar bear (Lair:1)
  Grinder (D:6)
  A hornet (D:9)
  12 blink frogs
  6 dream sheep (Lair:3)
  2 wraiths (D:10)
  4 basilisks
  6 wyverns
  Eustachio (D:4)
  42 yaks
  A steam dragon (D:7)
  4 vampire mosquitoes (D:10)
  Menkaure (D:5)
  Edmund (D:5)
  2 acid dragons
  17 water moccasins
  3 orc warriors (D:9)
  2 black bears
  2 sky beasts (D:7)
  A swamp drake (D:9)
  2 ice beasts (D:5)
  7 ogres (D:11)
  13 wolves
  4 centaurs
  3 phantoms
  6 kobold brigands
  11 bullfrogs
  5 scorpions
  4 wights (D:10)
  15 killer bees
  4 electric eels
  5 howler monkeys
  A bombardier beetle (D:3)
  A jelly (D:8)
  A gnoll bouda (D:9)
  7 orc priests
  3 hounds
  Crazy Yiuf (D:5)
  2 sleepcaps
  Natasha (thrice) (D:2)
  4 iguanas
  7 orc wizards
  A human simulacrum (D:8)
  Robin (D:2)
  6 adders
  4 gnolls (D:9)
  A shadow imp (D:6)
  3 white imps
  4 ufetubi (D:6)
  5 ribbon worms
  6 dart slugs
  30 orcs
  4 ball pythons
  4 bats
  7 endoplasms
  15 goblins
  7 hobgoblins
  10 jackals (D:1)
  32 kobolds
  4 quokkas
  6 frilled lizards
  5 rats
402 creatures vanquished.

Vanquished Creatures (others)
  A water moccasin (Lair:3)
  A human simulacrum (D:8)
  10 fulminant prisms (D:8)
12 creatures vanquished.

Grand Total: 414 creatures vanquished

Notes
Turn   | Place    | Note
-------+----------+-------------------------------------------
     0 | D:1      | jasper the Deep Elf Alchemist began the quest for the Orb.
     0 | D:1      | Reached XP level 1. HP: 10/10 MP: 6/6
   257 | D:1      | Reached XP level 2. HP: 15/15 MP: 5/8
   579 | D:1      | Reached XP level 3. HP: 19/19 MP: 2/9
   583 | D:1      | Learned a level 3 spell: Mephitic Cloud
  1429 | D:2      | Noticed Natasha
  1432 | D:2      | Killed Natasha
  1433 | D:2      | Reached skill level 1 in Air Magic
  1433 | D:2      | Reached XP level 4. HP: 24/24 MP: 6/10
  1438 | D:2      | Learned a level 4 spell: Olgreb's Toxic Radiance
  1483 | D:2      | Noticed Natasha
  1485 | D:2      | Reached skill level 5 in Alchemy
  1495 | D:2      | Killed Natasha
  1515 | D:2      | Noticed Natasha
  1522 | D:2      | Killed Natasha
  1583 | D:2      | Identified the +0 mace of Tenacity {freeze, rPois Int+4
                  | Dex+2}
  1693 | D:2      | Reached XP level 5. HP: 22/28 MP: 7/11
  1911 | D:2      | Noticed Robin
  1919 | D:2      | Killed Robin
  2024 | D:2      | Found a faded altar of an unknown god.
  2360 | D:2      | Found a glowing silver altar of Zin.
  3015 | D:3      | Reached XP level 6. HP: 32/32 MP: 12/15
  3020 | D:3      | Learned a level 4 spell: Fulminant Prism
  3100 | D:3      | Found an opulent altar of Gozag.
  3284 | D:3      | Reached skill level 5 in Spellcasting
  3320 | D:3      | Found Wulij's Magic Scroll Shop.
  3328 | D:3      | Bought a scroll of fear for 52 gold pieces
  3328 | D:3      | Bought a scroll of teleportation for 39 gold pieces
  3328 | D:3      | Bought a scroll of teleportation for 39 gold pieces
  3328 | D:3      | Bought a scroll of fog for 52 gold pieces
  4194 | D:4      | Found a snail-covered altar of Cheibriados.
  4537 | D:4      | Noticed Eustachio
  4556 | D:4      | Killed Eustachio
  4564 | D:4      | Learned a level 4 spell: Sticky Flame
  4825 | D:5      | Entered Level 5 of the Dungeon
  4843 | D:5      | Noticed Edmund
  4848 | D:5      | Reached skill level 1 in Fire Magic
  4870 | D:5      | Killed Edmund
  4871 | D:5      | Reached XP level 7. HP: 36/36 MP: 1/19
  5172 | D:5      | Found a runed translucent door.
  5173 | D:5      | Noticed Crazy Yiuf
  5240 | D:5      | Found a staircase to the Ecumenical Temple.
  5252 | Temple   | Entered the Ecumenical Temple
  5268 | Temple   | Became a worshipper of Vehumet
  5309 | D:5      | Reached skill level 5 in Conjurations
  5518 | D:5      | Reached skill level 1 in Fighting
  5623 | D:5      | Found a blossoming altar of Fedhas.
  5625 | D:5      | Found a basalt altar of Yredelemnul.
  5661 | D:5      | Reached XP level 8. HP: 38/44 MP: 15/20
  5853 | D:5      | Noticed Menkaure
  5857 | D:5      | Killed Menkaure
  6140 | D:5      | Killed Crazy Yiuf
  6475 | D:6      | Noticed Grinder
  6477 | D:6      | Reached * piety under Vehumet
  6477 | D:6      | Offered knowledge of Kiss of Death by Vehumet.
  6497 | D:6      | Killed Grinder
  6782 | D:6      | Reached XP level 9. HP: 44/52 MP: 14/21
  7321 | D:7      | Reached skill level 5 in Fighting
  7573 | D:7      | Reached skill level 3 in Dodging
  8493 | D:8      | Reached skill level 4 in Dodging
  8573 | D:8      | Reached skill level 5 in Dodging
  8586 | D:8      | Reached skill level 6 in Dodging
  8721 | D:8      | Reached ** piety under Vehumet
  8740 | D:8      | Offered knowledge of Foxfire by Vehumet.
  8741 | D:8      | Reached XP level 10. HP: 42/61 MP: 4/22
  8848 | D:8      | Reached skill level 7 in Dodging
  9130 | D:8      | Noticed an ice statue
  9246 | D:8      | Killed an ice statue
  9444 | D:8      | Noticed an orange crystal statue
  9458 | D:8      | Killed an orange crystal statue
  9459 | D:8      | Reached skill level 8 in Dodging
 10005 | D:8      | Found a burning altar of Makhleb.
 10007 | D:8      | Noticed a balrug
 10011 | D:8      | Noticed a smoke demon
 10367 | D:9      | Found a staircase to the Orcish Mines.
 10417 | D:9      | Learned a level 2 spell: Blink
 10593 | D:9      | Offered knowledge of Stone Arrow by Vehumet.
 10594 | D:9      | Reached skill level 9 in Dodging
 10598 | D:9      | Learned a level 3 spell: Stone Arrow
 10601 | D:9      | Found a staircase to the Lair.
 10610 | D:9      | Reached skill level 1 in Translocations
 10610 | D:9      | Reached skill level 1 in Earth Magic
 11092 | D:9      | Reached *** piety under Vehumet
 11093 | D:9      | Reached XP level 11. HP: 68/68 MP: 23/23
 11302 | D:10     | Entered Level 10 of the Dungeon
 11310 | D:10     | Noticed a two-headed ogre
 11387 | D:10     | Found a sparkling altar of Nemelex Xobeh.
 11592 | D:10     | Reached skill level 5 in Earth Magic
 11627 | D:10     | Killed a two-headed ogre
 12028 | D:10     | Noticed a two-headed ogre
 12039 | D:10     | Killed a two-headed ogre
 12050 | D:10     | Offered knowledge of Inner Flame by Vehumet.
 12869 | D:11     | Noticed Gastronok
 12891 | D:11     | Killed Gastronok
 12892 | D:11     | Reached skill level 10 in Dodging
 13303 | D:11     | Found a portal to a secret trove of treasure.
 13400 | D:11     | Noticed Lodul
 13407 | D:11     | Reached **** piety under Vehumet
 13427 | D:11     | Reached XP level 12. HP: 57/75 MP: 17/24
 13432 | D:11     | Killed Lodul
 13460 | D:11     | Offered knowledge of Lee's Rapid Deconstruction by Vehumet.
 13991 | Lair:1   | Entered Level 1 of the Lair of Beasts
 14065 | Lair:1   | Learned a level 5 spell: Lee's Rapid Deconstruction
 14167 | Lair:1   | Noticed a death yak
 14169 | Lair:1   | Noticed a death yak
 14185 | Lair:1   | Killed a death yak
 14186 | Lair:1   | Noticed a death yak
 14188 | Lair:1   | Killed a death yak
 14188 | Lair:1   | Noticed a death yak
 14190 | Lair:1   | Noticed a death yak
 14199 | Lair:1   | Killed a death yak
 14200 | Lair:1   | Reached skill level 10 in Spellcasting
 14202 | Lair:1   | Killed a death yak
 14205 | Lair:1   | Killed a death yak
 14809 | Lair:1   | Noticed a boulder beetle
 14826 | Lair:1   | Reached skill level 11 in Dodging
 14843 | Lair:1   | Killed a boulder beetle
 15319 | Lair:2   | Found a staircase to the Swamp.
 15570 | Lair:2   | Reached ***** piety under Vehumet
 15572 | Lair:2   | Offered knowledge of Brom's Barrelling Boulder by Vehumet.
 16259 | Lair:3   | Reached XP level 13. HP: 57/81 MP: 28/30
 16629 | Lair:3   | Reached skill level 12 in Dodging
 16671 | Lair:3   | Reached skill level 10 in Earth Magic
 16966 | Lair:3   | Reached skill level 10 in Fighting
 17066 | Lair:3   | Found a staircase to the Snake Pit.
 17644 | Lair:4   | HP: 4/82 [black mamba (3)]
 17645 | Lair:4   | Slain by a four-headed hydra

Illustrated notes

Levels and vault maps discovered:
D:1:      tarquinn_simple_flora_water_d, layout_basic,
          wander_ebering_terrifying_dragon_lair
D:2:      layout_loops_corners, basic_altar, dilly_ecumenical_altar_fadedgnrine,
          hangedman_decor_push, minmay_vboxes, uniq_natasha, uniq_robin
D:3:      layout_loops_ring, mainiacjoe_overflow_surrounded_room, serial_shops,
          nicolae_shop_statue_plus
D:4:      layout_basic, mainiacjoe_overflow_six_doors_small, serial_forest,
          infiniplex_forest_clump_diagonal, infiniplex_forest_straight_1,
          infiniplex_forest_diagonal, infiniplex_forest_clump_double,
          infiniplex_forest_straight_3, infiniplex_forest_corner_1,
          serial_bayou_pond_c, uniq_eustachio
D:5:      layout_loops_ring, minitemple, minmay_temple_entry_trees, uniq_edmund,
          uniq_crazy_yiuf_cottage, uniq_menkaure
D:6:      layout_basic, uniq_grinder
D:7:      layout_layer_cave, serial_glass, glass_columns_b, glass_columns_b,
          glass_columns_a, glass_columns_a, glass_columns_b, glass_columns_a,
          glass_columns_b, glass_columns_a, kennysheep_flooded_box,
          nicolae_benzene_ring, chequers_serial_rivers_room_b
D:8:      minmay_separated_statues, layout_basic, makhleb_altar_promises_db,
          bh_circular_ruins
D:9:      layout_roguey, minmay_lair_entry_grove, erik_orc_1
D:10:     layout_loops_cross, lemuel_doored_altar
D:11:     layout_roguey, enter_trove_3, uniq_lodul, uniq_gastronok
Temple:   eino_temple_rhombus
Lair:1:   layout_regular_city, infiniplex_staircase_pool, serial_bayou_shore_b
Lair:2:   layout_hall_layers, minmay_swamp_entry_eels
Lair:3:   layout_regular_city, minmay_snake_entry_six_corridors,
          infiniplex_staircase_pool_2
Lair:4:   gammafunk_lair_enchanted_lake, layout_loops_ring,
          serial_bayou_shore_a, lemuel_fruit_tree, grunt_megastairs_1,
          uniq_nessos

Skill      XL: |  1  2  3  4  5  6  7  8  9 10 11 12 13 |
---------------+----------------------------------------+-----
Alchemy        | 4 5 6 8 9 |  9.0
Air Magic      | 1 2 |  2.0
Conjurations   | 2 3 5 6 9 |  9.0
Spellcasting   | 4 7 11 | 11.0
Fire Magic     | 2 |  2.0
Fighting       | 1 4 6 8 9 10 | 10.0
Dodging        | 6 9 10 11 12 | 12.3
Translocations | 2 |  2.5
Earth Magic    | 3 7 9 10 | 10.6
Stealth        | |  2.4

Action                     |  1- 3 |  4- 6 |  7- 9 | 10-12 | 13-15 || total
---------------------------+-------+-------+-------+-------+-------++-------
  Melee: Falchion          |     2 |       |       |       |       ||     2
         Whip              |     6 |    26 |    85 |    80 |    13 ||   210
         Punch             |       |     3 |     4 |    14 |       ||    21
         Long sword        |       |       |    10 |     8 |    17 ||    35
         Unarmed           |       |       |       |     7 |       ||     7
   Cast: Sting             |    62 |    97 |     6 |       |     2 ||   167
         Olgreb's Toxic Ra |       |    10 |    41 |    90 |    12 ||   153
         Mephitic Cloud    |       |     1 |     1 |     5 |       ||     7
         Sticky Flame      |       |       |    12 |    12 |       ||    24
         Fulminant Prism   |       |       |       |    10 |       ||    10
         Stone Arrow       |       |       |       |   120 |    40 ||   160
         Blink             |       |       |       |     1 |       ||     1
         Lee's Rapid Decon |       |       |       |     3 |     5 ||     8
  Evoke: Wand              |       |       |       |       |     2 ||     2
    Use: Scroll            |     2 |     5 |     9 |     7 |       ||    23
         Potion            |       |       |       |     3 |       ||     3
   Stab: Sleeping          |       |     1 |     1 |     1 |       ||     3
         Confused          |       |       |       |     2 |       ||     2
 Armour: Robe              |    14 |    25 |       |       |       ||    39
         Leather armour    |       |       |    90 |   146 |    66 ||   302
  Dodge: Dodged            |    12 |    27 |    60 |   189 |    91 ||   379

Table legend: (Time is in decaauts)
 A = Elapsed time spent in this place.
 B = Non-inter-level travel time spent in this place.
 C = Inter-level travel time spent in this place.
 D = Time resting spent in this place.
 E = Time spent auto-exploring this place.
 F = Levels seen in this place.
 G = Mean time per level.
                   A        B        C        D        E       F      G
               +--------+--------+--------+--------+--------+-----+--------+
         Total |  17688 |  17108 |    580 |    958 |  13809 |  16 | 1105.5 |
       Dungeon |  13989 |  13508 |    481 |    792 |  10850 |  11 | 1271.7 |
        Temple |     35 |      5 |     30 |      0 |      0 |   1 |   35.0 |
          Lair |   3663 |   3595 |     68 |    166 |   2959 |   4 |  915.8 |
               +--------+--------+--------+--------+--------+-----+--------+

Top non-repeatable levels by time:
     D:8: 1723 daAuts
  Lair:3: 1593 daAuts
    D:10: 1426 daAuts
     D:5: 1399 daAuts
     D:7: 1351 daAuts
     D:1: 1333 daAuts
  Lair:1: 1331 daAuts
     D:2: 1320 daAuts
     D:9: 1251 daAuts
    D:11: 1196 daAuts
     D:4: 1146 daAuts
     D:3: 1026 daAuts
     D:6: 814 daAuts
  Lair:2: 718 daAuts
  Temple: 35 daAuts
